 Dungeon Sprint DCSS version 0.27-a0-1513-g2aaa0cc67b (webtiles) character file.

Game seed: 10197942658350077971

163 mhtbhm the Cleaver (level 5, 0/52 HPs)
             Began as a Minotaur Monk on July 9, 2021.
             Was an Elder of Qazlal.
             Slain by Sigmund (14 damage)
             ... in the Dungeon (Sprint VII: "The Pits").
             The game lasted 00:01:14 (320 turns).

mhtbhm the Cleaver (Minotaur Monk)                   Turns: 320, Time: 00:01:15

Health: 0/52       AC: 11    Str: 17    XL:     5   Next: 20%
Magic:  4/4        EV:  9    Int:  7    God:    Qazlal [****..]
Gold:   0          SH:  5    Dex: 12    Spells: 4/4 levels left

rFire    . . .     SeeInvis .   a - +2 hand axe (elec)
rCold    . . .     Faith    .   (no shield)
rNeg     . . .     Spirit   .   b - +3 chain mail
rPois    .         Reflect  .   (helmet restricted)
rElec    .         Harm     .   (no cloak)
rCorr    .         Rampage  .   (no gloves)
Will     .....     NoTele   +   (no boots)
Stlth    ..........             (no amulet)
HPRegen  0.17/turn              (no ring)
MPRegen  0.09/turn              (no ring)

@: repel missiles
A: horns 2, retaliatory headbutt
a: Renounce Religion, Upheaval, Elemental Force


You were in the Dungeon.
You worshipped Qazlal.
Qazlal was greatly pleased with you.
You visited 1 branch

Inventory:

Hand Weapons
 a - a +2 hand axe of electrocution (weapon)
Armour
 b - a +3 chain mail (worn)
Scrolls
 h - a scroll of blinking
 j - 5 scrolls of amnesia
 k - a scroll of summoning
Potions
 c - 6 potions of curing
 d - 4 potions of heal wounds
 e - a potion of haste
 f - 4 potions of magic
 g - 3 potions of berserk rage
 i - 2 potions of invisibility


   Skills:
 + Level 7.0 Fighting
 + Level 8.8 Axes
 + Level 7.5 Dodging
 + Level 2.3 Stealth
 + Level 0.6 Shields


You had 4 spell levels left.
You didn't know any spells.
Your spell library was empty.

Dungeon Overview and Level Annotations

Branches:
Dungeon (1/1)

Altars:
Ashenzari
Cheibriados
Dithmenos
Elyvilon
Fedhas
Gozag
Hepliaklqana
Kikubaaqudgha
Makhleb
Nemelex Xobeh
Okawaru
Qazlal
Ru
Sif Muna
Trog
Uskayaw
Vehumet
Wu Jian
Xom
Yredelemnul
Zin
The Shining One
Beogh
Jiyva
Lugonu

Annotations:
D Sigmund


Innate Abilities, Weirdness & Mutations

You have a pair of horns on your head.
You reflexively headbutt those who attack you in melee.


Message History

Qazlal accepts your kill.
The storm surrounding you is now powerful enough to repel missiles.
You will now adapt resistances upon receiving elemental damage.
The orc priest mumbles some strange prayers to Beogh against you.
Beogh smites you! The warg bites you but does no damage.
The orc priest hits you but does no damage.
Things that are here:
a +0 war axe; an orc corpse Unknown command.
You barely miss the orc priest. You headbutt the orc priest.
The orc priest is lightly wounded.
You closely miss the warg. You hit the quasit. The quasit barely misses you.
You furiously retaliate!
You headbutt the quasit. The quasit closely misses you.
The quasit claws you but does no damage.
The warg bites you!
Sigmund drinks a potion.
Sigmund seems to grow stronger.
You hit the orc priest. Your headbutt misses the orc priest.
The orc priest is heavily wounded.
You barely miss the black bear. You hit the warg.
Lightning courses through the warg! You miss the quasit.
The quasit bites you but does no damage.
The quasit claws you but does no damage.
You block the quasit's attack. The warg bites you.
The orc priest invokes the aid of Beogh against you.
Pain shoots through your body!
* * * LOW HITPOINT WARNING * * *
Sigmund casts a spell.
Sigmund flickers and vanishes!
Deactivating autopickup; reactivate with Ctrl-A.
You feel much better.
The quasit bites you but does no damage.
The quasit claws you but does no damage.
The quasit closely misses you. The warg bites you! The black bear bites you.
The black bear claws you. The black bear closely misses you.
The orc priest hits you but does no damage.
Something hits you.
* * * LOW HITPOINT WARNING * * *
Space warps horribly around you!
You die...

#.#...).#))#####'###
#.###†###))##.......
#.#.....#))##.......
#.#.....#[[##.......
#.####'##'###...<...
#.#...†....##.......
#.#........##.......
#'###########.......
#.5@oJ..# ########
#.hh#o..# #..{# ..#
#.##.# .# #.. #.. #
#.. ... #.. ..+ ####
###


You could see a warg, a black bear, an orc priest, a quasit, an orc and an
endoplasm.

Vanquished Creatures
  A fire bat (D)
  An adder (D)
  An ufetubus (D)
  An orc (D)
  A ball python (D)
  An endoplasm (D)
  2 giant cockroaches (D)
  A kobold (D)
  A frilled lizard (D)
10 creatures vanquished.

Notes
Turn   | Place    | Note
-------+----------+-------------------------------------------
     0 | D        | mhtbhm the Minotaur Monk began the quest for the Orb.
     0 | D        | Reached XP level 1. HP: 19/19 MP: 0/0
    25 | D        | Found a bloodstained altar of Trog.
    25 | D        | Found a shimmering blue altar of Sif Muna.
    25 | D        | Found a viscous altar of Jiyva.
    25 | D        | Found a hazy altar of Hepliaklqana.
    25 | D        | Found an opulent altar of Gozag.
    26 | D        | Found a glowing golden altar of the Shining One.
    26 | D        | Found a glowing silver altar of Zin.
    26 | D        | Found a basalt altar of Yredelemnul.
    26 | D        | Found a shimmering altar of Xom.
    26 | D        | Found an ornate altar of the Wu Jian Council.
    26 | D        | Found a sacrificial altar of Ru.
    26 | D        | Found a stormy altar of Qazlal.
    26 | D        | Found an iron altar of Okawaru.
    26 | D        | Found a sparkling altar of Nemelex Xobeh.
    26 | D        | Found a burning altar of Makhleb.
    26 | D        | Found a blossoming altar of Fedhas.
    26 | D        | Found a white marble altar of Elyvilon.
    26 | D        | Found a shadowy altar of Dithmenos.
    26 | D        | Found a snail-covered altar of Cheibriados.
    28 | D        | Found a radiant altar of Vehumet.
    28 | D        | Found a corrupted altar of Lugonu.
    29 | D        | Found a hide-covered altar of Uskayaw.
    29 | D        | Found an ancient bone altar of Kikubaaqudgha.
    29 | D        | Found a broken altar of Ashenzari.
    69 | D        | Became a worshipper of Qazlal Stormbringer
    69 | D        | Reached * piety under Qazlal
    69 | D        | Reached ** piety under Qazlal
   112 | D        | Reached skill level 4 in Axes
   130 | D        | Noticed a fire bat
   133 | D        | Reached *** piety under Qazlal
   134 | D        | Reached skill level 5 in Fighting
   134 | D        | Reached skill level 5 in Axes
   134 | D        | Reached XP level 2. HP: 22/29 MP: 1/1
   142 | D        | Killed a fire bat
   143 | D        | Reached skill level 8 in Axes
   143 | D        | Reached XP level 3. HP: 20/39 MP: 2/2
   143 | D        | Reached XP level 4. HP: 25/47 MP: 3/3
   143 | D        | Reached XP level 5. HP: 27/52 MP: 4/4
   313 | D        | Noticed a warg
   313 | D        | Noticed a black bear
   313 | D        | Noticed Sigmund
   316 | D        | Reached **** piety under Qazlal
   320 | D        | Slain by Sigmund

Illustrated notes

Levels and vault maps discovered:
D:        pitsprint [storerooms_1, entrance_room_1, metal_vault_1, armoury_1,
          mini_pit_1, grid_room_1, main_hall_1, silver_pit, the_coven_1,
          the_vestibule_1, steel_vault_2, golden_pit, hallway_of_sentries,
          crystal_vault_1, iron_vault_3, final_vault]

Skill      XL: |  1  2 |
---------------+-------+-----
Fighting       | 5 7 |  7.0
Axes           | 5 8 |  8.8
Dodging        | 4 7 |  7.5
Stealth        | 2 |  2.3
Shields        | |  0.6

Action                   |  1- 3 |  4- 6 || total
-------------------------+-------+-------++-------
Melee: Hand axe          |    20 |     2 ||    22
       Headbutt          |     1 |     1 ||     2
  Use: Potion            |     1 |     1 ||     2
Armor: Robe              |     3 |       ||     3
       Chain mail        |       |     8 ||     8
Dodge: Dodged            |    28 |     7 ||    35
Block: Other             |     7 |     1 ||     8

Table legend: (Time is in decaauts)
 A = Elapsed time spent in this place.
 B = Non-inter-level travel time spent in this place.
 C = Inter-level travel time spent in this place.
 D = Time resting spent in this place.
 E = Time spent auto-exploring this place.
 F = Levels seen in this place.
 G = Mean time per level.
                   A        B        C        D        E       F      G
               +--------+--------+--------+--------+--------+-----+--------+
         Total |    320 |    320 |      0 |      0 |    142 |   1 |  320.0 |
       Dungeon |    320 |    320 |      0 |      0 |    142 |   1 |  320.0 |
               +--------+--------+--------+--------+--------+-----+--------+

Top non-repeatable levels by time:
       D: 320 daAuts
